 Dungeon Crawl Stone Soup version 0.17.2-1-ge4368a0 (webtiles) character file.

188017 Goblin1989 the Fighter (level 18, -4/115 HPs)
             Began as a Gargoyle Gladiator on Aug 29, 2016.
             Was the Champion of Ashenzari.
             Slain by a deep troll earth mage (8 damage)
             ... led by an ironheart preserver
             ... on level 2 of the Vaults on Aug 30, 2016.
             The game lasted 02:21:54 (30784 turns).

Goblin1989 the Fighter (Gargoyle Gladiator)        Turns: 30784, Time: 02:21:54

Health: -4/115     AC: 33    Str: 17    XL:     18   Next: 8%
Magic:  30/30      EV: 25    Int: 15    God:    Ashenzari [******]
Gold:   1523       SH: 16    Dex: 21    Spells: 4 memorised, 13 levels left

rFire  + . .     SeeInvis +     Z - +8 eveningstar (crush) (curse)
rCold  . . .     Clarity  +     B - +4 troll leather armour (curse) {Purgy}
rNeg   + . .     SustAt   .     p - +2 shield (curse)
rPois  ∞         Gourm    .     (helmet restricted)
rElec  +         Spirit   .     U - +2 cloak (curse)
rCorr  .         Warding  .     h - +2 pair of gloves (curse)
rMut   .         Stasis   .     z - +0 pair of boots of the Sunfish {rElec rPois Dex+9 Stlth-} (curse)
MR     ++...                    (no amulet)
Stlth  +++.......               H - ring of protection from magic (curse)
                                S - ring of wizardry (curse)

@: flying, very resistant to hostile enchantments, fairly stealthy
A: big wings, horns 2, iridescent scales 1, blurry vision 1, clarity, fire
resistance 1, negative energy resistance 1, sense surroundings 1, electricity
resistance, spit poison 1, weak 1, wild magic 1, unbreathing, evolution 1,
petrification resistance, rot immunity, AC +13
a: Spit Poison, Stop Flying, Scrying, Transfer Knowledge, Renounce Religion
}: 1/15 runes: decaying


You were on level 2 of the Vaults.
You worshipped Ashenzari.
Ashenzari was exalted by your worship.
You were not hungry.

You visited 6 branches of the dungeon, and saw 34 of its levels.
You also visited: Sewer and Ice Cave.

You collected 3359 gold pieces.
You spent 1836 gold pieces at shops.

Inventory:

Hand Weapons
 Z - a cursed +8 eveningstar of crushing (weapon)
Missiles
 d - 20 arrows of dispersal
 t - 13 throwing nets (quivered)
 u - 677 arrows
 C - 69 arrows of frost
 Q - 105 arrows of flame
Armour
 h - a cursed +2 pair of gloves (worn)
 p - a cursed +2 shield (worn)
 z - the cursed +0 pair of boots of the Sunfish (worn) {rElec rPois Dex+9 Stlth-}
   (You found it on level 5 of the Dungeon)

   It affects your dexterity (+9).
   It insulates you from electricity.
   It protects you from poison.
   It makes you less stealthy.
   It has a curse placed upon it.
 B - a cursed +4 troll leather armour (worn) {Purgy}
 U - a cursed +2 cloak (worn)
Jewellery
 E - the cursed ring "Zudoaf" {MR+ Stlth+}
   (You acquired it on level 15 of the Dungeon)

   [ring of stealth]

   It affects your resistance to hostile enchantments.
   It makes you more stealthy.
   It has a curse placed upon it.
 G - an uncursed ring of protection from cold
 H - a cursed ring of protection from magic (right hand)
 K - an uncursed ring of protection from fire
 S - a cursed ring of wizardry (left hand)
 Y - an uncursed ring of sustain attributes
Wands
 c - a wand of disintegration (15)
 y - a wand of teleportation (1)
 A - a wand of disintegration (5)
 X - a wand of digging (12)
Scrolls
 b - a scroll of holy word
 f - 3 scrolls of curse armour
 i - 4 scrolls of curse jewellery
 j - 12 scrolls of magic mapping
 n - 5 scrolls of teleportation
 o - 6 scrolls of amnesia
 q - a scroll of vulnerability {unknown}
 D - a scroll of summoning
 F - 5 scrolls of blinking
 J - 3 scrolls of immolation
 M - 5 scrolls of fear
 N - 14 scrolls of remove curse
 P - 2 scrolls of fog
 V - 3 scrolls of recharging
Potions
 g - 3 potions of agility
 l - 3 potions of heal wounds
 s - 3 potions of cure mutation
 v - a potion of might
 w - 10 potions of curing
 x - a potion of haste
 L - 2 potions of resistance {unknown}
 O - 2 potions of cancellation
 R - 2 potions of berserk rage
Comestibles
 e - 19 bread rations
 k - 13 meat rations


   Skills:
 - Level 13.5 Fighting
 - Level 12.1(16.2) Maces & Flails
 - Level 1.7 Throwing
 - Level 4.6 Armour
 + Level 11.8(14.5) Dodging
 - Level 5.5(8.5) Stealth
 - Level 12.4(15.0) Shields
 + Level 8.7 Spellcasting
 * Level 11.1(13.9) Summonings
 * Level 11.2(13.9) Translocations
 - Level 4.9(7.8) Transmutations
 - Level 1.2(3.1) Earth Magic


You had 13 spell levels left.
You knew the following spells:

 Your Spells              Type           Power        Failure   Level  Hunger
a - Malign Gateway        Summ/Tloc      ######....   26%         7    #######
b - Sticks to Snakes      Trmt           #####.....   1%          2    None
c - Lehudib's Crystal Sp  Conj/Erth      ###.......   100%        8    #######
d - Petrify               Trmt/Erth      ####....     11%         4    ###....


Dungeon Overview and Level Annotations

Branches:
Dungeon (15/15)            Temple (1/1) D:4            Lair (8/8) D:10
  Swamp (4/4) Lair:5       Spider (0/4) Lair:4        Slime (0/6) Lair:7
    Orc (4/4) D:11            Elf (0/3) Orc:3        Vaults (2/5) D:14
 Depths (0/5) D:15
  Crypt: Vaults:2-3

Altars:
Ashenzari
Cheibriados
Dithmenos
Elyvilon
Fedhas
Gozag
Kikubaaqudgha
Makhleb
Nemelex Xobeh
Okawaru
Qazlal
Ru
Sif Muna
Trog
Vehumet
Xom
Yredelemnul
Zin
The Shining One
Beogh
Jiyva
Lugonu

Shops:
D:5 :   D:6 [   D:7 [   D:10 *   D:11 [   Orc:2 (   Orc:4 ?[*[   Vaults:1 %

Annotations:
D:15 Sonja
Lair:8 1 exclusion


Innate Abilities, Weirdness & Mutations

You are resistant to torment.
Your stone body is resilient (AC +13).
You are immune to poison.
Your large and strong wings let you fly indefinitely.
You resist negative energy.
You are resistant to electric shocks.
You can survive without breathing.
You are immune to petrification.
You are immune to rotting.
You have a pair of horns on your head.
You are partially covered in iridescent scales (AC +4).
Scrolls take you a little longer to read.
You possess an exceptional clarity of mind.
Your flesh is heat resistant.
You passively map a small area around you.
You can spit weak poison.
You are weak. (Str -2)
Your spells are a little harder to cast, but a little more powerful.
You evolve.


Message History

The vault warden hits you but does no damage.
You take 4 damage, and have 30/115 hp.
You puncture the vault warden!
You headbutt the vault warden, but do no damage.
The vault warden is almost dead.
The ironheart preserver casts a spell.
The ironheart preserver is healed somewhat.
The griffon bites you but does no damage.
You block the griffon's attack. x2
The orange demon stings you but does no damage.
The orange demon closely misses you.
Unknown command.
You hit the vault warden. Your headbutt misses the vault warden.
The vault warden is almost dead.
The runic seal fades away.
The vault guard hits you with a great mace!!
* * * LOW HITPOINT WARNING * * *
The deep troll earth mage completely misses you.
The deep troll earth mage claws you!
You die...

* ,,,, *,,
,, ,, ,, *
******∆ **
, , ,** **
+* ** *
*,, ,,, *
,,, ,, *
,,, *, *##
** * * , *
* #[{∆,,*
* , <, *∆*
#p#####,
,*,, *
*∆#pTpo.+,
* *,
,*+#p@p# *
* *** *
#...4H#∆ ,
* #####.#
* * * , ,
∆+.# *, **
* * * *,**
## , ,, ,
* ,, ,,
,,* ,, ,
*, * *****
* *,, ,, ,
, , *, ,
*,


You could see an ironheart preserver, a vault warden, 2 vault guards, a griffon,
an orange demon, an ironbrand convoker, a deep troll earth mage and an orc
sorcerer.

Vanquished Creatures
  Nikola (Swamp:3)
  7 thorn hunters
  The ghost of ololoev the Severer, an adept DsBe of Makhleb (Vaults:1)
  An orc warlord (D:11)
  Maud (Lair:3)
  A deep elf sorcerer (Vaults:1)
  3 vault wardens (Vaults:1)
  2 ironheart preservers (Vaults:1)
  A very ugly thing (Vaults:1)
  Nessos (Lair:7)
  Azrael (Orc:4)
  An ettin (D:15)
  A vault guard (D:14)
  The ghost of pedritolo the Infuser, a journeyman SpEn of Ashenzari (Orc:4)
  A deep elf death mage (Vaults:1)
  Josephine (Lair:6)
  22 hydras
  3 yaktaur captains
  Fannar (Orc:1)
  Harold (Orc:3)
  An ice dragon (Vaults:1)
  6 alligators
  Erolcha (Orc:1)
  2 ghost crabs
  Erica (Lair:1)
  2 ogre magi
  A catoblepas (Lair:8)
  7 centaur warriors
  8 death yaks
  3 orc high priests (Orc:4)
  A deep elf knight (D:14)
  A flayed ghost (D:11)
  13 swamp dragons
  4 spriggan druids
  A wizard (D:14)
  7 hill giants
  A shambling mangrove (Swamp:4)
  An ironbrand convoker (Vaults:1)
  5 deep trolls
  Pikel (D:8)
  An unseen horror (Vaults:1)
  9 orc knights
  2 necromancers (D:14)
  2 wolf spiders (Vaults:1)
  A sphinx skeleton (Vaults:1)
  2 cyclopes
  3 orc sorcerers (Orc:4)
  13 ugly things
  5 griffons
  A hornet (Swamp:1)
  3 centaur zombies
  A manticore (D:14)
  9 elephants
  2 black mambas
  A vault sentinel (Vaults:1)
  14 spiny frogs
  3 ice statues (IceCv)
  A demonic crawler (Lair:4)
  4 kobold demonologists
  14 yaktaurs (Vaults:1)
  3 efreet
  9 komodo dragons
  A freezing wraith (D:14)
  A small abomination (Vaults:1)
  3 trolls
  A merfolk (D:9)
  A blink frog (Lair:4)
  6 giant leeches (Swamp:2)
  22 slime creatures
  A polar bear (shapeshifter) (Vaults:1)
  A polar bear (Lair:7)
  2 two-headed ogres
  3 fire drakes
  17 bog bodies
  A spriggan (Swamp:4)
  A stone giant simulacrum (Vaults:1)
  A centaur simulacrum (D:11)
  Sigmund (D:4)
  A trapdoor spider (D:11)
  A wyvern (Lair:2)
  4 wraiths
  39 yaks
  3 fire elementals (Orc:3)
  7 hippogriffs
  2 deep elf magi
  A deep elf fighter (Vaults:1)
  20 humans (D:14)
  3 basilisks
  A hungry ghost (D:13)
  30 vampire mosquitoes
  5 wargs
  31 swamp worms
  4 insubstantial wisps (Swamp:2)
  A warg (shapeshifter) (D:15)
  5 wolves (Lair:7)
  9 water moccasins
  4 sky beasts
  A wasp (Swamp:4)
  A hell hound (Orc:3)
  12 ice beasts
  17 porcupines
  Purgy (Sewer)
  16 swamp drakes
  22 orc warriors
  3 boggarts (Vaults:1)
  An eye of draining (D:15)
  A necrophage (D:12)
  14 ogres
  15 crocodiles
  A brain worm (Lair:7)
  22 giant frogs
  22 centaurs
  6 scorpions
  A wyvern skeleton (D:10)
  8 wights
  2 human simulacra (Vaults:1)
  18 killer bees
  3 electric eels
  6 crimson imps
  3 giant frog zombies
  3 jellies
  25 orc priests
  10 hounds
  4 centaur skeletons
  4 giant frog skeletons
  13 hell rats
  11 iguanas
  26 orc wizards
  Terence (D:2)
  13 worker ants
  15 sheep
  3 hound skeletons
  A hound zombie (D:7)
  A worker ant zombie (D:9)
  9 gnolls
  43 river rats
  13 adders
  4 shadow imps
  12 white imps (D:11)
  An adder skeleton (D:8)
  An adder zombie (D:8)
  15 worms
  The ghost of pedritolo the Sneak, a weakling SpEn (D:5)
  153 orcs
  6 giant cockroaches
  5 goblins
  6 hobgoblins
  8 kobolds
  2 ball pythons (D:4)
  13 bats
  4 giant geckos
  7 giant newts
  10 jackals
  3 quokkas
  A quokka skeleton (D:4)
  5 rats
  A briar patch (Swamp:3)
1105 creatures vanquished.

Vanquished Creatures (collateral kills)
  A very ugly thing (Vaults:1)
  A necromancer (Vaults:1)
  An orc sorcerer (Vaults:1)
  4 ugly things (Vaults:1)
  A cyclops (Vaults:1)
  2 vault sentinels (Vaults:1)
  A kobold demonologist (Vaults:1)
  A yaktaur (Vaults:1)
  A komodo dragon (shapeshifter) (Vaults:1)
  A frost giant simulacrum (Vaults:1)
  A fire giant simulacrum (Vaults:1)
  A boulder beetle (Vaults:1)
  A deep elf fighter (Vaults:1)
  An ogre simulacrum (Vaults:1)
  An orc (Vaults:1)
  A crawling corpse (Vaults:1)
20 creatures vanquished.

Vanquished Creatures (others)
  3 eldritch tentacles (Vaults:1)
  2 spriggan druids (Swamp:4)
  An orc warrior (D:15)
  2 slaves (D:8)
  A wight (D:8)
  An orc wizard (Orc:4)
  2 orc priests (Orc:4)
  3 orcs
  A quokka (D:8)
  10 briar patches
  228 eldritch tentacle segments (Vaults:1)
  2 fungi
  3 plants (Lair:7)
259 creatures vanquished.

Grand Total: 1384 creatures vanquished

Notes
Turn   | Place    | Note
--------------------------------------------------------------
     0 | D:1      | Goblin1989 the Gargoyle Gladiator began the quest for the Orb.
     0 | D:1      | Reached XP level 1. HP: 12/12 MP: 1/1
   181 | D:1      | Reached XP level 2. HP: 17/17 MP: 2/2
   889 | D:2      | Found a bloodstained altar of Trog.
  1300 | D:2      | Noticed Terence
  1317 | D:2      | Killed Terence
  1317 | D:2      | Reached skill level 4 in Maces & Flails
  1317 | D:2      | Reached XP level 3. HP: 3/21 MP: 3/3
  1608 | D:2      | Reached XP level 4. HP: 26/26 MP: 4/4
  1996 | D:3      | Reached skill level 5 in Maces & Flails
  2299 | D:3      | Reached XP level 5. HP: 26/30 MP: 5/5
  2608 | D:4      | Noticed Sigmund
  2626 | D:4      | Killed Sigmund
  2626 | D:4      | Reached skill level 6 in Maces & Flails
  2626 | D:4      | Reached XP level 6. HP: 31/35 MP: 6/6
  3009 | D:4      | Found a sacrificial altar of Ru.
  3022 | D:4      | Became a worshipper of Ru the Awakened
  3089 | D:4      | Reached skill level 7 in Maces & Flails
  3318 | D:4      | Reached XP level 7. HP: 35/40 MP: 7/7
  3611 | D:4      | Found a staircase to the Ecumenical Temple.
  3620 | Temple   | Entered the Ecumenical Temple
  3662 | Temple   | Fell from the grace of Ru
  3662 | Temple   | Became a worshipper of Ashenzari the Shackled
  3796 | D:5      | Entered Level 5 of the Dungeon
  3854 | D:5      | Found a glowing drain.
  3864 | D:5      | Got the uncursed pair of boots of the Sunfish {rElec rPois Dex+9 Stlth-}
  3870 | D:5      | Identified the +0 pair of boots of the Sunfish {rElec rPois Dex+9 Stlth-} (You found it on level 5 of the Dungeon)
  3916 | Sewer    | Entered a sewer
  3946 | Sewer    | Noticed Purgy
  3949 | Sewer    | Identified the +9 trident of Isiq {pierce, MR+ Int+2}
  3958 | Sewer    | Killed Purgy
  4180 | D:5      | Noticed pedritolo's ghost (weakling SpEn)
  4182 | D:5      | Killed pedritolo's ghost
  4456 | D:5      | Reached skill level 8 in Maces & Flails
  4517 | D:5      | Found Car Xush's Book Emporium.
  4519 | D:5      | Found a sacrificial altar of Ru.
  4526 | D:5      | Reached XP level 8. HP: 44/44 MP: 8/8
  4647 | D:5      | Reached * piety under Ashenzari
  4762 | D:6      | Identified the +10 rapier of Ippaq {venom, Str+3 Int+3}
  5035 | D:6      | Reached skill level 9 in Maces & Flails
  5059 | D:6      | Found Jule's Armour Shoppe.
  5504 | D:6      | Wingboner: Ня.
  5574 | D:7      | Goblin1989: приветы
  5704 | D:7      | Reached ** piety under Ashenzari
  5789 | D:7      | Found Zurizam's Armour Emporium.
  5797 | D:7      | Bought a cursed +0 buckler for 21 gold pieces
  5810 | D:7      | Learned a level 7 spell: Malign Gateway
  5882 | D:7      | Reached skill level 1 in Shields
  5891 | D:7      | Wingboner: Какие планы?
  5913 | D:7      | Reached XP level 9. HP: 50/52 MP: 9/9
  5932 | D:7      | Identified the +6 dagger "Limmohem" {venom, rF- rN+ Str+7 Int-2}
  5962 | D:7      | Reached skill level 5 in Fighting
  5974 | D:7      | Goblin1989: эксперимент
  5974 | D:7      | Goblin1989: выиграю ли в тролл лезер
  6169 | D:7      | Wingboner: Троллью кожанку я почти всегда стараюсь носить под статую.
  6169 | D:7      | Goblin1989: ну и саммонинг изучить чтобы вот эту хрень кастовать
  6169 | D:7      | Goblin1989: ну я еще посмотрю насчет статуи
  6169 | D:7      | Goblin1989: но идея хорошая
  6169 | D:7      | Wingboner: Если ты в современной версии, то гарги не умеют уже в статую.
  6290 | D:8      | Goblin1989: не
  6290 | D:8      | Goblin1989: 0,17
  6290 | D:8      | Goblin1989: я уже сегодня кстати одну игру прошел
  6290 | D:8      | Goblin1989: наконец-то научился играть демонспавнами
  6290 | D:8      | Goblin1989: но лень все-таки сильнее меня
  6290 | D:8      | Goblin1989: и 15 рун я делать не стал
  6290 | D:8      | Wingboner: Хехе.
  6290 | D:8      | Goblin1989: вынес 4 гладиатором
  6306 | D:8      | Wingboner: А я копил на c - [D:8] a brightly glowing gold dragon armour (2125 gold)
  6306 | D:8      | Wingboner: И тут на д14 внезапно на земле пда.
  6306 | D:8      | Goblin1989: ох лол
  6306 | D:8      | Goblin1989: пда покруче
  6306 | D:8      | Goblin1989: я раньше тоже все время за гда гонялся
  6306 | D:8      | Goblin1989: но потом понял что спеллами покастовывать тоже прикольно
  6337 | D:8      | Wingboner: Ну, в ГДА тоже легко можно кастовать.
  6392 | D:8      | Goblin1989: если ты демонспавн и у тебя 72 инты ^_^
  6409 | D:8      | Reached skill level 1 in Stealth
  6421 | D:8      | Found a white marble altar of Elyvilon.
  6422 | D:8      | Noticed Pikel
  6452 | D:7      | Wingboner: Далеко не обязательно именно столько.
  6452 | D:7      | Goblin1989: хм
  6452 | D:7      | Goblin1989: после игры за демонспавнов у гаргулия просто МОРЕ опыта халявного
  6452 | D:7      | epen: dobroe utro
  6452 | D:7      | Wingboner: Тебе.
  6452 | D:7      | Goblin1989: как думаешь, стоит начать учить саммонинг и транслоки?
  6452 | D:7      | epen: Транслоки всегда полезно учить
  6452 | D:7      | epen: Хотя бы до пятёрочки для блинка и апорта
  6452 | D:7      | Wingboner: Ну, лично я бы пофокусил доджа.
  6452 | D:7      | epen: а кого отыгрывает?
  6452 | D:7      | Goblin1989: а ну да
  6452 | D:7      | Goblin1989: додж-то -2
  6452 | D:7      | Goblin1989: да черт знает
  6452 | D:7      | Goblin1989: просто выиграть еще раз хочу, но в легкой броне и кастовать буду
  6452 | D:7      | Goblin1989: ну и инту качать все время
  6452 | D:7      | Wingboner: У тебя защита ниже среднего.
  6467 | D:7      | epen: Недавно ивент новый прошёл
  6482 | D:7      | epen: без рэлека там просто выебут
  6486 | D:7      | Goblin1989: да ну
  6486 | D:7      | Goblin1989: я в 0,17
  6486 | D:7      | Goblin1989: у меня изи версия
  6680 | D:8      | Killed Pikel
  6853 | D:8      | Found a radiant altar of Vehumet.
  6853 | D:8      | Found an iron altar of Okawaru.
  6853 | D:8      | Found an opulent altar of Gozag.
  6862 | D:8      | epen: а чё там за лесенка?
  6892 | D:8      | Found a glowing silver altar of Zin.
  6899 | D:8      | epen: нечекнутая
  6900 | D:8      | epen: Сверху
  6909 | D:8      | epen: ВОЛТ КАКОЙ-НИБУДЬ
  6930 | D:8      | epen: с телетрапом
  7243 | D:9      | Reached XP level 10. HP: 61/61 MP: 10/10
  7272 | D:9      | Reached skill level 5 in Dodging
  7279 | D:9      | Wingboner: http://www.underhound.eu:81/crawl/morgue/casual/casual.txt
  7279 | D:9      | Wingboner: Зацените моего AE.
  7279 | D:9      | epen: Зачем николу убил?
  7279 | D:9      | Wingboner: У него пригорало, я ему льда подложил, а он взял и окочурился.
  7279 | D:9      | Goblin1989: не открывается.
  7284 | D:9      | Wingboner: Странно.
  7314 | D:9      | Goblin1989: http://www.underhound.eu:81/crawl/morgue/casual/casual.txt
  7314 | D:9      | Goblin1989: ундерхоунд какой-то
  7314 | D:9      | Goblin1989: действительно странно
  7345 | D:9      | Wingboner: Это clan.
  7352 | D:9      | Wingboner: Вон у епина открыло.
  7352 | D:9      | Goblin1989: О
  7352 | D:9      | Goblin1989: это у меня браузер не хочет работать
  7352 | D:9      | Goblin1989: мозила открыла
  7352 | D:9      | Goblin1989: афк минут 15
  7352 | D:9      | epen: Давай
  7369 | D:9      | epen: верунлся
  7375 | D:9      | Goblin1989: да
  7375 | D:9      | Goblin1989: думал дольше буду
  7610 | D:9      | Reached *** piety under Ashenzari
  7781 | D:10     | Entered Level 10 of the Dungeon
  7858 | D:10     | Found Pustiyc's Assorted Antiques.
  7894 | D:10     | Reached skill level 5 in Stealth
  7928 | D:10     | epen: ммм
  7928 | D:10     | epen: ванд возьми
  7928 | D:10     | epen: палку копалку
  7928 | D:10     | Wingboner: !rng захерачить_пиццу обойтись_блинами
  7928 | D:10     | beem: The RNG chooses: захерачить_пиццу.
  7928 | D:10     | Goblin1989: так есть уже
  7928 | D:10     | epen: !rng MfMo SpMp
  7928 | D:10     | beem: The RNG chooses: SpMp.
  7928 | D:10     | epen: там должен был быть Mo
  7928 | D:10     | epen: Но я тебя понял
  7928 | D:10     | Bought 2 sedimented amethyst potions for 45 gold pieces
  7928 | D:10     | Bought a scroll of identify for 50 gold pieces
  7928 | D:10     | Bought an embroidered cloak for 112 gold pieces
  7928 | D:10     | Bought a scroll of identify for 50 gold pieces
  7928 | D:10     | Bought a ring of evasion for 50 gold pieces
  7929 | D:10     | epen: всё
  7929 | D:10     | epen: учи айс
  7929 | D:10     | epen: и кожуру
  7929 | D:10     | Goblin1989: мне гласиас не очень нравится
  7929 | D:10     | Goblin1989: а вот кристал спир оче может быть
  7929 | D:10     | epen: а мне глац очень нравится
  7929 | D:10     | epen: особенно когда лом им спамит
  7960 | D:10     | Goblin1989: Не
  7960 | D:10     | Goblin1989: шторм из аоешных получше будет
  8096 | D:10     | Noticed an elephant
  8131 | D:10     | Killed an elephant
  8241 | D:10     | Reached XP level 11. HP: 69/69 MP: 11/11
  8424 | D:10     | Found a staircase to the Lair.
  8508 | D:11     | Found a frozen archway.
  8574 | IceCv    | Entered an ice cave
  9053 | IceCv    | Identified the +8 flail "Gargoyle's Foe" {crush, rPois Int-4 SInv}
  9183 | D:11     | Found a stormy altar of Qazlal.
  9302 | D:11     | Found a staircase to the Orcish Mines.
  9329 | D:11     | Noticed a hill giant
  9341 | D:11     | Killed a hill giant
  9408 | D:11     | Found a roughly hewn altar of Beogh.
  9645 | D:11     | Found Jogimit's Antique Armour Shop.
  9710 | D:11     | Bought a glowing helmet for 130 gold pieces
  9897 | D:11     | Noticed an ice devil
 10056 | Lair:1   | Entered Level 1 of the Lair of Beasts
 10056 | Lair:1   | Reached **** piety under Ashenzari
 10141 | Lair:1   | Goblin1989: черт
 10141 | Lair:1   | Goblin1989: затупил и сам себя развел на4 свитка рекурса и один курс вёпон
 10141 | Lair:1   | Goblin1989: аш для меня непривычный
 10345 | Lair:1   | Reached skill level 10 in Fighting
 10396 | Lair:1   | Noticed Erica
 10431 | Lair:1   | Reached skill level 5 in Shields
 10431 | Lair:1   | Reached XP level 12. HP: 77/77 MP: 12/12
 10725 | Lair:1   | Reached ***** piety under Ashenzari
 11842 | Lair:3   | Reached skill level 11 in Fighting
 11928 | Lair:3   | Noticed Maud
 11940 | Lair:3   | Killed Maud
 12148 | Lair:3   | Identified the +8 long sword of Corruption {vamp, *Drain rF++ Str+6}
 12458 | Lair:4   | Noticed a seven-headed hydra
 12685 | Lair:4   | Found a hole to the Spider Nest.
 12717 | Lair:4   | Reached skill level 10 in Shields
 12980 | Lair:4   | Reached XP level 13. HP: 52/85 MP: 13/13
 13087 | Lair:4   | Reached ****** piety under Ashenzari
 13107 | Lair:4   | Reached skill level 12 in Fighting
 13204 | Lair:4   | Noticed a five-headed hydra
 13212 | Lair:4   | Killed a seven-headed hydra
 13217 | Lair:4   | Killed a five-headed hydra
 13660 | Lair:5   | Found a staircase to the Swamp.
 13931 | Lair:5   | Reached skill level 1 in Translocations
 14172 | Lair:6   | Reached skill level 1 in Summonings
 14336 | Lair:6   | Noticed Josephine
 14376 | Lair:6   | Killed Josephine
 14889 | Lair:7   | Found a viscous altar of Jiyva.
 14890 | Lair:7   | Found a staircase to the Slime Pits.
 14902 | Lair:7   | Reached skill level 1 in Spellcasting
 15095 | Lair:3   | Learned a level 2 spell: Sticks to Snakes
 15246 | Lair:7   | Noticed Nessos
 15326 | Lair:7   | Reached skill level 1 in Transmutations
 15367 | Lair:7   | Reached skill level 13 in Fighting
 15400 | Lair:7   | Gained mutation: Your large and strong wings let you fly indefinitely. [Gargoyle growth]
 15400 | Lair:7   | Reached XP level 14. HP: 89/94 MP: 17/17
 15680 | Lair:7   | Killed Nessos
 16208 | Lair:8   | Entered Level 8 of the Lair of Beasts
 16448 | Lair:8   | Reached skill level 10 in Maces & Flails
 17067 | Lair:1   | Killed Erica
 17167 | Orc:1    | Entered Level 1 of the Orcish Mines
 17237 | D:11     | Gained mutation: You evolve. [mutagenic meat]
 17238 | D:11     | Gained mutation: You expend magic power (3 MP) to strengthen your wands. [mutagenic meat]
 17239 | D:11     | Gained mutation: You have a pair of small horns on your head. [mutagenic meat]
 18142 | D:5      | Bought a book of Transfigurations for 605 gold pieces
 18850 | Orc:2    | Found Dox Soet's Antique Weapon Shop.
 19177 | Orc:3    | Noticed Harold
 19188 | Orc:3    | Killed Harold
 19199 | Orc:3    | Found a staircase to the Elven Halls.
 19330 | Orc:3    | Found a roughly hewn altar of Beogh.
 19464 | Orc:1    | Noticed Erolcha
 19469 | Orc:1    | Killed Erolcha
 19747 | Orc:1    | Noticed Fannar
 19765 | Orc:1    | Killed Fannar
 20100 | Orc:4    | Entered Level 4 of the Orcish Mines
 20100 | Orc:4    | Noticed Azrael
 20120 | Orc:4    | Killed Azrael
 20346 | Orc:4    | Noticed pedritolo's ghost (journeyman SpEn)
 20386 | Orc:4    | Killed pedritolo's ghost
 20565 | Orc:4    | Found a roughly hewn altar of Beogh.
 20650 | Orc:4    | Gained mutation: Your flesh is heat resistant. [evolution]
 20814 | Orc:4    | Reached skill level 10 in Dodging
 21065 | Orc:4    | Reached skill level 5 in Spellcasting
 21065 | Orc:4    | Reached XP level 15. HP: 69/99 MP: 22/22
 21078 | Orc:4    | Found Plog's Antique Armour Emporium.
 21078 | Orc:4    | Found Fyxzifoh's Magic Scroll Boutique.
 21093 | Orc:4    | Found Buwk's General Store.
 21093 | Orc:4    | Found Qisoaruck's Armour Emporium.
 21099 | Orc:4    | Bought 3 scrolls of blinking for 247 gold pieces
 21099 | Orc:4    | Bought a scroll of fear for 38 gold pieces
 21101 | Orc:4    | Bought a potion of agility for 56 gold pieces
 21107 | Orc:4    | Bought a faintly humming hat for 216 gold pieces
 21109 | Orc:4    | Bought a pair of glowing boots for 108 gold pieces
 21109 | Orc:4    | Bought a runed cloak for 108 gold pieces
 21367 | Orc:4    | Gained mutation: You can spit weak poison. [potion of beneficial mutation]
 21368 | Orc:4    | Gained mutation: You are partially covered in iridescent scales (AC +4). [potion of beneficial mutation]
 21572 | D:11     | Noticed a hill giant
 21574 | D:11     | Noticed a flayed ghost
 21574 | D:11     | Noticed a yaktaur captain
 21574 | D:11     | Noticed a deep troll
 21574 | D:11     | Noticed a centaur warrior
 21593 | D:11     | Killed a hill giant
 21605 | D:11     | Killed a flayed ghost
 21614 | D:11     | Noticed an orc warlord
 21633 | D:11     | Killed an orc warlord
 21633 | D:11     | Reached skill level 5 in Summonings
 21643 | D:11     | Killed a deep troll
 21654 | D:11     | Killed a yaktaur captain
 21658 | D:11     | Killed a centaur warrior
 21658 | D:11     | Reached skill level 5 in Translocations
 22054 | D:12     | Found a corrupted altar of Lugonu.
 22250 | D:12     | Gained mutation: You have a pair of horns on your head. [evolution]
 23068 | D:13     | Learned a level 8 spell: Lehudib's Crystal Spear
 23750 | D:14     | Found a gate to the Vaults.
 24196 | D:15     | Entered Level 15 of the Dungeon
 24210 | D:15     | Found a staircase to the Depths.
 24404 | D:15     | Identified a scroll of acquirement
 24406 | D:15     | Identified the cursed ring "Zudoaf" {MR+ Stlth+} (You acquired it on level 15 of the Dungeon)
 24507 | D:15     | Noticed Sonja
 25310 | Swamp:1  | Entered Level 1 of the Swamp
 25331 | Swamp:1  | Reached XP level 16. HP: 92/104 MP: 25/25
 25970 | Swamp:2  | Noticed a thorn hunter
 25971 | Swamp:2  | Killed a thorn hunter
 26021 | Swamp:2  | Noticed a thorn hunter
 26050 | Swamp:2  | Killed a thorn hunter
 26074 | Swamp:2  | Learned a level 4 spell: Petrify
 26475 | Swamp:2  | Identified the +8 halberd "Fogu" {freeze, *Noise rN+ Str+2 Int+6}
 26903 | Swamp:3  | Noticed a thorn hunter
 26947 | Swamp:2  | Lost mutation: You expend magic power (3 MP) to strengthen your wands. [evolution]
 27123 | Swamp:3  | Killed a thorn hunter
 27359 | Swamp:3  | Noticed Nikola
 27381 | Swamp:3  | Killed Nikola
 27559 | Swamp:3  | Noticed a thorn hunter
 27576 | Swamp:3  | Killed a thorn hunter
 27643 | Swamp:4  | Entered Level 4 of the Swamp
 27643 | Swamp:4  | Identified the +5 ring mail of Gehenna {rElec}
 27643 | Swamp:4  | Noticed a thorn hunter
 27679 | Swamp:4  | Killed a thorn hunter
 27684 | Swamp:4  | Reached skill level 1 in Earth Magic
 27944 | Swamp:4  | Noticed a thorn hunter
 27972 | Swamp:4  | Killed a thorn hunter
 27972 | Swamp:4  | Reached XP level 17. HP: 109/109 MP: 28/28
 28704 | Swamp:4  | Reached skill level 10 in Translocations
 28816 | Swamp:4  | Reached skill level 10 in Summonings
 28842 | Swamp:4  | Got a decaying rune of Zot
 29385 | Vaults:1 | Entered Level 1 of the Vaults
 29521 | Vaults:1 | Gained mutation: You have sharp toenails. [mutagenic meat]
 30048 | Vaults:1 | Noticed ololoev's ghost (adept DsBe)
 30102 | Vaults:1 | Killed ololoev's ghost
 30103 | Vaults:1 | Found Gehergh's Food Emporium.
 30123 | Vaults:1 | Gained mutation: Your muscles are strong. (Str +2) [mutagenic meat]
 30124 | Vaults:1 | Lost mutation: Your muscles are strong. (Str +2) [mutagenic meat]
 30126 | Vaults:1 | Gained mutation: Scrolls take you a little longer to read. [mutagenic meat]
 30136 | Vaults:1 | Lost mutation: You have sharp toenails. [mutagenic meat]
 30137 | Vaults:1 | Gained mutation: You are partially covered in icy blue scales (AC +1). [mutagenic meat]
 30158 | Vaults:1 | Gained mutation: You have a pair of large horns on your head. [mutagenic meat]
 30160 | Vaults:1 | Lost mutation: You have a pair of large horns on your head. [mutagenic meat]
 30161 | Vaults:1 | Gained mutation: Your spells are a little harder to cast, but a little more powerful. [mutagenic meat]
 30612 | Vaults:1 | Gained mutation: You possess an exceptional clarity of mind. [evolution]
 30642 | Vaults:1 | Reached XP level 18. HP: 100/115 MP: 30/30
 30671 | Vaults:1 | Lost mutation: You are partially covered in icy blue scales (AC +1). [mutagenic meat]
 30672 | Vaults:1 | Gained mutation: You passively map a small area around you. [mutagenic meat]
 30673 | Vaults:1 | Gained mutation: You are weak. (Str -2) [mutagenic meat]
 30780 | Vaults:2 | HP: 1/115 [vault guard/great mace (29)]
 30784 | Vaults:2 | Slain by a deep troll earth mage

Action                   |  1- 3 |  4- 6 |  7- 9 | 10-12 | 13-15 | 16-18 || total
-------------------------+-------+-------+-------+-------+-------+-------++-------
Melee: Flail             |    94 |   161 |   442 |  1155 |   510 |       ||  2362
       Eveningstar       |       |       |       |       |  1118 |   985 ||  2103
Throw: Throwing net      |     1 |     2 |     1 |       |       |       ||     4
 Cast: Sticks to Snakes  |       |       |       |       |     2 |    14 ||    16
       Malign Gateway    |       |       |       |       |       |     3 ||     3
 Abil: Fly               |       |       |       |       |     1 |     1 ||     2
Evoke: Wand              |       |       |       |    12 |     2 |       ||    14
  Use: Scroll            |       |       |    22 |    14 |    25 |     1 ||    62
       Potion            |       |       |     1 |     3 |     4 |     4 ||    12
 Stab: Held in net/web   |     1 |     1 |       |       |       |       ||     2
       Paralysed         |       |       |     2 |       |       |       ||     2
       Invisible         |       |       |     1 |       |       |       ||     1
       Sleeping          |       |       |     1 |    21 |    32 |    14 ||    68
       Distracted        |       |       |       |     1 |     9 |     2 ||    12
  Eat: Meat ration       |     1 |       |       |     1 |       |     1 ||     3
       Chunk             |       |     2 |     9 |    14 |    40 |    20 ||    85
       Royal jelly       |       |       |     2 |       |       |     1 ||     3
       Fruit             |       |       |     1 |       |     9 |    11 ||    21
       Pizza             |       |       |       |     1 |       |     1 ||     2
       Beef jerky        |       |       |       |     1 |       |     2 ||     3
